 Dungeon Crawl Stone Soup version 0.27-a0-1256-gced786f65e (webtiles) character file.

Game seed: 11492571726110775705

74337 freelancePsychic the Spry (level 15, -1/108 HPs)
             Began as a Djinni Wanderer on June 11, 2021.
             Was the Champion of Hepliaklqana.
             Shot with a bolt by Saint Roka (31 damage)
             ... on level 2 of the Orcish Mines.
             The game lasted 01:06:23 (28090 turns).

freelancePsychic the Spry (Djinni Wanderer)        Turns: 28090, Time: 01:06:24

Health: -1/108     AC: 13    Str: 18    XL:     15   Next: 93%
Gold:   1888       EV: 20    Int: 25    God:    Hepliaklqana [******] SH:  0 Dex: 15

rFire    + + .     SeeInvis .   C - +2 dagger (venom)
rCold    . . .     Faith    .   (no shield)
rNeg     + . .     Spirit   .   S - +1 troll leather armour
rPois    ∞         Reflect  .   X - +0 helmet
rElec    .         Harm     .   U - +3 cloak of Submission {rC+}
rCorr    +         Rampage  .   h - +2 pair of gloves "Mutiagiq" {Int+4}
Will     +....                  (boots unavailable)
Stlth    ++........             (no amulet)
HPRegen  1.28/turn              I - ring of Onuefa {rN+ Str+6}
MPRegen  0.00/turn              u - ring of resist corrosion

@: flying, very slightly contaminated, studying Fighting, invisible
A: reduced essence, sickness immunity, fire resistance 2, cold vulnerability 1,
float, innate caster, hp casting, extra vitality 1, thin skeletal structure 1,
agile 1
a: Renounce Religion, Recall Ancestor, Ancestor Identity, Transference, Idealise


You were on level 2 of the Orcish Mines.
You worshipped Hepliaklqana.
Hepliaklqana was exalted by your worship.
You visited 3 branches of the dungeon, and saw 21 of its levels.
You also visited: Ossuary, Gauntlet and Ice Cave.

You collected 1888 gold pieces.

Inventory:

Hand Weapons
 a - the +0 staff of Battle
   (You acquired it on level 10 of the Dungeon)
 b - the +8 glaive of the Guard {elec, spectral, AC+5}
   (You took it off an orc on level 7 of the Dungeon)

   Occasionally, upon striking a foe, it can discharge electrical energy and
   cause terrible harm.
   When it strikes, its spirit leaps out and fights alongside the wielder.
   It affects your AC (+5).
 m - a +0 great sword of freezing
 C - a +2 dagger of venom (weapon)
 N - a +2 falchion
Missiles
 k - 7 atropa-tipped darts (quivered)
 y - a throwing net
 D - 6 curare-tipped darts
Armour
 h - the +2 pair of gloves "Mutiagiq" (worn) {Int+4}
   (You found it on level 6 of the Dungeon)

   It affects your intelligence (+4).
 j - a +3 leather armour
 w - a scarf of invisibility
 K - a +2 kite shield
 L - +0 steam dragon scales
 S - a +1 troll leather armour (worn)
 U - the +3 cloak of Submission (worn) {rC+}
   (You found it in a Gauntlet)

   It protects you from cold.
 X - a +0 helmet (worn)
Magical Staves
 x - a staff of conjuration
Jewellery
 d - a +6 ring of intelligence
 u - a ring of resist corrosion (right hand)
 A - an amulet of magic regeneration
 I - the ring of Onuefa (left hand) {rN+ Str+6}
   (You took it off an orc on level 8 of the Dungeon)

   [ring of strength]

   It affects your strength (+6).
   It protects you from negative energy.
 O - a ring of positive energy
 Q - a ring of protection from fire
 T - an amulet of guardian spirit
 V - a ring of magical power
Wands
 q - a wand of charming (11)
 s - a wand of flame (49)
 B - a wand of iceblast (27)
 M - a wand of polymorph (9)
 R - a wand of acid (3)
 W - a wand of mindburst (14)
Scrolls
 c - 11 scrolls of teleportation {@r4}
 f - 6 scrolls of amnesia
 g - a scroll of vulnerability
 i - 3 scrolls of immolation
 E - 2 scrolls of enchant armour
 F - 4 scrolls of enchant weapon
 H - a scroll of holy word
Potions
 e - 3 potions of berserk rage
 l - 3 potions of attraction
 n - 2 potions of haste {@q3}
 o - 3 potions of ambrosia
 p - 7 potions of curing {@q1}
 r - 2 potions of degeneration
 t - 2 potions of resistance
 v - 2 potions of might
 z - 5 potions of heal wounds {@q2}
 G - 2 potions of brilliance {unknown}
 J - 2 potions of magic
 P - 2 potions of flight {unknown}


   Skills:
 + Level 15.4 Fighting
 - Level 7.9 Long Blades
 - Level 1.0 Crossbows
 - Level 15.7 Dodging
 - Level 1.0 Stealth
 - Level 1.0 Shields
 + Level 13.7 Spellcasting
 - Level 1.0 Evocations


You had 16 spell levels left.
You knew the following spells:

 Your Spells              Type           Power      Damage    Failure   Level
a - Irradiate             Conj/Tmut      36%        3d25      1%          5
b - Ensorcelled Hibernat  Hex/Ice        100%       N/A       1%          2
c - Ozocubu's Armour      Ice            72%        N/A       1%          3
d - Call Canine Familiar  Summ           72%        N/A       1%          3
e - Beastly Appendage     Tmut           100%       N/A       0%          1
f - Agony                 Necr           72%        N/A       1%          5
h - Invisibility          Hex            36%        N/A       2%          6
Your spell library was empty.

Dungeon Overview and Level Annotations

Branches:
Dungeon (13/15)            Temple (0/1) D:4            Lair (6/6) D:11
  Swamp (0/4) Lair:2       Spider (0/4) Lair:4        Slime (0/5) Lair:6
    Orc (2/2) D:12            Elf (0/3) Orc:2        Vaults (0/5) D:13
Ossuary (visited)           IceCv (visited)         Gauntlet (visited)

Altars:
Ashenzari
Gozag
Hepliaklqana
Makhleb
Okawaru
Qazlal
Sif Muna
Trog
Wu Jian
Xom
Yredelemnul
Zin
Beogh
Jiyva

Shops:
D:6 *   D:7 :   Orc:2 *

Annotations:
D:11 1 runed translucent door, TODO's ghost, journeyman GnGl
Lair:4 1 runed translucent door, robertstho's ghost, journeyman DjFE
Lair:6 1 runed translucent door
Orc:2 Rupert; Saint Roka


Innate Abilities, Weirdness & Mutations

Your life essence is reduced to manifest your ancestor. (-10% HP)
You are immune to sickness and miasma.
You are immune to poison.
Your flesh is very heat resistant. (rF++)
You are vulnerable to cold. (rC-)
You float through the air rather than walking.
You learn spells naturally, not from books.
Your magical power is your life essence.
You have superior vitality. (+4 HP)
You have a somewhat thin skeletal structure. (Dex +2, Stealth+)
You are agile. (Dex +2)


Message History

The orc warrior is moderately wounded.
The orc warrior closely misses you.
You hit the orc warrior but do no damage.
The orc warrior is moderately wounded.
The orc wizard closely misses you.
Saint Roka roars a battlecry!
The orcs go into a battle-frenzy!
Press: ? - help, v - describe, . - travel
Here: Saint Roka, wielding a +5 arbalest, wearing a +0 chain mail and quivering bolts The floor.
Casting: Call Canine Familiar (safe; 1% risk of failure)
Confirm with . or Enter, or press ? or * to list all spells.
You fade into invisibility!
You are very lightly contaminated with residual magic.
The orc warrior closely misses you.
The orc wizard hits you with a +0 dagger.
You hit the orc warrior but do no damage.
The orc warrior looks as sick as possible!
The orc warrior is heavily wounded.
The orc warrior hits you with a +0 war axe!
The orc wizard misses you.
You catch the helpless orc warrior completely off-guard!
You puncture the orc warrior!
The orc warrior looks as sick as possible!
The orc warrior is almost dead.
Saint Roka mumbles some strange prayers to Beogh against you.
Beogh smites you!
The orc warrior hits you with a +0 war axe!!
* * * LOW HITPOINT WARNING * * *
Jeanie emerges from the mists of memory!
You kill the orc warrior!
Jeanie casts a spell at the orc priest.
The orc priest appears confused.
The orc wizard points at Jeanie and mumbles some strange words.
Jeanie points at the orc priest and mumbles some strange words.
Saint Roka resists with almost no effort.
The orc wizard casts a spell at you. The puff of flame misses you.
Saint Roka shoots a bolt.
The bolt closely misses Jeanie.
The bolt hits you!!
You die...

..[.........###.#....##.##
[..#.......## ####.).#...##
######.....## ##........## #
##.##.....# ##o.......#.##
###...####.##
##)#oo##......# .###.####.##
##..R...#.....##
####.#.#...###............##
# #.........#.#..........##
# ##...#.#.....#@........# #
#.....##....#........## #
##...........#.......## #
##....#.#............### ###
##.................##.####.#
#.....................##...
##....................##...
##....................###..
#......................#...


You could see the friendly Jeanie the hexer, Saint Roka, an orc priest (strong,
confused, ally target) and an orc wizard (strong).

Vanquished Creatures
  A dire elephant (Lair:6)
  A boulder beetle (D:8)
  7 hydras
  2 catoblepae
  A centaur warrior (D:8)
  7 two-headed ogres
  An orc high priest (Orc:2)
  7 death yaks
  A deep troll shaman (Lair:6)
  A skeletal warrior (D:8)
  4 orc knights
  A deep elf pyromancer (D:12)
  A necromancer (Gauntlet)
  An orb spider (Lair:4)
  2 ugly things
  3 orc sorcerers (Orc:2)
  5 oklob plants
  4 cyclopes
  2 black mambas
  6 elephants
  A torpor snail (Lair:5)
  11 cane toads
  2 kobold demonologists
  An unseen horror (D:12)
  A gargoyle (D:10)
  5 komodo dragons
  7 trolls
  A polar bear (Lair:6)
  4 hornets
  10 blink frogs
  17 dream sheep
  57 yaks
  7 basilisks
  2 wyverns
  3 wraiths
  4 steam dragons
  2 vampire mosquitoes (D:13)
  3 wargs
  Duvessa (D:4)
  6 water moccasins
  6 ice beasts (IceCv)
  2 sky beasts
  14 orc warriors
  A black bear (D:11)
  3 necrophages
  4 ogres
  A phantom (D:4)
  3 wolves (Lair:6)
  2 hexers
  Blork the orc (D:4)
  4 kobold brigands
  13 bullfrogs
  A wyvern zombie (D:8)
  3 scorpions
  Dowan (D:4)
  A water moccasin skeleton (D:7)
  7 killer bees
  3 wights (D:7)
  An electric eel (Lair:1)
  2 howler monkeys
  A bullfrog zombie (D:5)
  8 centaur zombies
  5 hounds
  A centaur skeleton (D:7)
  6 orc priests
  6 jellies
  Crazy Yiuf (D:4)
  Jessica (D:3)
  2 iguanas (D:5)
  17 orc wizards
  3 hell rats (Lair:6)
  A killer bee zombie (D:8)
  A hound skeleton (D:5)
  3 mummies (Ossuary)
  A howler monkey skeleton (D:4)
  4 adders
  A shadow imp (D:5)
  A white imp (D:8)
  An adder skeleton (D:4)
  A worm (D:2)
  A dart slug (D:1)
  43 orcs
  4 bats
  2 endoplasms
  3 giant cockroaches
  3 hobgoblins
  9 quokkas
  4 ball pythons
  A frilled lizard (D:2)
  3 goblins
  2 hobgoblin zombies (Ossuary)
  22 kobolds
  4 rats
  A plant (Lair:4)
443 creatures vanquished.

Vanquished Creatures (collateral kills)
  A boulder beetle (Lair:5)
  A hydra (Lair:6)
  A two-headed ogre (D:11)
  2 death yaks
  An orc knight (Orc:1)
  2 elephants (Lair:4)
  A black mamba (Lair:2)
  2 cane toads
  2 komodo dragons
  A troll (D:7)
  2 polar bears
  A dream sheep (Lair:4)
  4 blink frogs
  7 yaks
  A wyvern (Lair:6)
  2 basilisks
  3 wargs
  A swamp worm (Lair:2)
  6 water moccasins
  2 sky beasts
  2 ogres
  2 black bears (Lair:6)
  5 orc warriors
  3 wolves (Lair:6)
  4 centaurs
  2 phantoms
  3 bullfrogs (D:7)
  A killer bee (D:5)
  3 howler monkeys
  5 centaur zombies
  A bullfrog zombie (D:5)
  A jelly (D:5)
  An orc priest (D:4)
  A gnoll shaman (D:7)
  2 hell rats (Lair:6)
  An iguana (D:5)
  5 orc wizards
  3 mummies (Ossuary)
  2 adders
  A howler monkey skeleton (D:5)
  9 orcs
  4 endoplasms
  A hobgoblin (D:3)
  3 kobolds
  2 quokkas
  2 bats (D:3)
  A hobgoblin zombie (Ossuary)
  A rat (D:2)
114 creatures vanquished.

Vanquished Creatures (others)
  32 hexers
  2 ancestors (D:1)
  40 fungi
  61 plants
135 creatures vanquished.

Grand Total: 692 creatures vanquished

Notes
Turn   | Place    | Note
-------+----------+-------------------------------------------
     0 | D:1      | freelancePsychic the Djinni Wanderer began the quest for
                  | the Orb.
     0 | D:1      | Reached XP level 1. HP: 18/18 MP: 0/0
   149 | D:1      | Found a faded altar of an unknown god.
   158 | D:1      | Became a worshipper of Hepliaklqana the Forgotten
   158 | D:1      | Reached * piety under Hepliaklqana
   183 | D:1      | Reached XP level 2. HP: 13/20 MP: 0/0
   635 | D:1      | Reached XP level 3. HP: 8/26 MP: 0/0
   635 | D:1      | Learned a level 1 spell: Beastly Appendage
  1329 | D:2      | Reached XP level 4. HP: 16/30 MP: 0/0
  1736 | D:3      | Reached ** piety under Hepliaklqana
  1737 | D:3      | Remembered your ancestor Jeanie as a hexer
  1750 | D:3      | Noticed Jessica
  1756 | D:3      | Killed Jessica
  1796 | D:3      | Reached XP level 5. HP: 16/36 MP: 0/0
  1796 | D:3      | Learned a level 2 spell: Ensorcelled Hibernation
  1975 | D:3      | Found an ornate altar of the Wu Jian Council.
  2260 | D:3      | Found a hazy altar of Hepliaklqana.
  2302 | D:3      | Found a basalt altar of Yredelemnul.
  2306 | D:3      | Found a stormy altar of Qazlal.
  2485 | D:3      | Reached skill level 1 in Spellcasting
  2693 | D:4      | Noticed Duvessa
  2703 | D:4      | Reached skill level 5 in Long Blades
  2896 | D:4      | Noticed Dowan
  3043 | D:4      | Killed Duvessa
  3044 | D:4      | Reached XP level 6. HP: 15/41 MP: 0/0
  3267 | D:4      | Found a staircase to the Ecumenical Temple.
  3399 | D:4      | Reached XP level 7. HP: 36/45 MP: 0/0
  3399 | D:4      | Learned a level 3 spell: Ozocubu's Armour
  3612 | D:4      | Killed Dowan
  3909 | D:4      | You are sucked into a shaft and drop 2 floors!
  3943 | D:5      | Entered Level 5 of the Dungeon
  4393 | D:5      | Reached XP level 8. HP: 31/50 MP: 0/0
  4628 | D:5      | Reached *** piety under Hepliaklqana
  4679 | D:5      | Reached skill level 5 in Spellcasting
  4934 | D:4      | Noticed Blork the orc
  4944 | D:4      | Killed Blork the orc
  5066 | D:4      | Found a runed translucent door.
  5067 | D:4      | Noticed Crazy Yiuf
  5127 | D:4      | Killed Crazy Yiuf
  5567 | D:5      | Reached XP level 9. HP: 46/56 MP: 0/0
  5567 | D:5      | Learned a level 3 spell: Call Canine Familiar
  5839 | D:5      | Reached skill level 5 in Fighting
  6000 | D:5      | Found a bloodstained altar of Trog.
  6104 | D:6      | Identified the +2 pair of gloves "Mutiagiq" {Int+4}
  6750 | D:6      | Found a shimmering altar of Xom.
  6750 | D:6      | Found a burning altar of Makhleb.
  6750 | D:6      | Found a glowing silver altar of Zin.
  6835 | D:6      | Identified the +9 mace "Widowmaker" {flame, rF++ Dex+2}
  7015 | D:6      | Found Zihodeex's General Store.
  7119 | D:7      | Found a sand-covered staircase.
  7123 | Ossuary  | Entered an ossuary
  7388 | Ossuary  | Reached XP level 10. HP: 61/64 MP: 0/0
  7817 | D:7      | Reached skill level 1 in Dodging
  8643 | D:7      | Found an opulent altar of Gozag.
  8722 | D:7      | Found an opulent altar of Gozag.
  8727 | D:7      | Found an opulent altar of Gozag.
  8734 | D:7      | Found an opulent altar of Gozag.
  8767 | D:7      | Found Eschousm's Book Boutique.
  8989 | D:8      | Reached skill level 5 in Dodging
  9167 | D:8      | Noticed a cyclops
  9167 | D:8      | Noticed a boulder beetle
  9167 | D:8      | Noticed a two-headed ogre
  9167 | D:8      | Noticed a skeletal warrior
  9167 | D:8      | Identified the ring of Onuefa {rN+ Str+6}
  9170 | D:8      | Noticed a centaur warrior
  9233 | D:8      | Reached **** piety under Hepliaklqana
  9678 | D:8      | Killed a skeletal warrior
  9789 | D:8      | Noticed a two-headed ogre
  9795 | D:8      | Killed a two-headed ogre
  9796 | D:8      | Reached XP level 11. HP: 61/72 MP: 0/0
  9796 | D:8      | Learned a level 5 spell: Irradiate
  9972 | D:8      | Found a broken altar of Ashenzari.
 10305 | D:8      | Found an iron altar of Okawaru.
 10447 | D:8      | Killed a centaur warrior
 10448 | D:8      | Reached skill level 10 in Dodging
 10589 | D:8      | Killed a cyclops
 10604 | D:8      | Killed a two-headed ogre
 10848 | D:8      | Killed a boulder beetle
 11152 | D:9      | Noticed a two-headed ogre
 11155 | D:9      | Killed a two-headed ogre
 11313 | D:9      | Noticed a two-headed ogre
 11320 | D:9      | Killed a two-headed ogre
 11574 | D:9      | Reached XP level 12. HP: 67/80 MP: 0/0
 12018 | D:10     | Entered Level 10 of the Dungeon
 12935 | D:10     | Reached ***** piety under Hepliaklqana
 13237 | D:10     | Identified a scroll of acquirement
 13238 | D:10     | Acquired the +0 staff of Battle
 13239 | D:10     | Found the +0 staff of Battle
 13503 | D:11     | Found a staircase to the Lair.
 13694 | D:10     | Reached skill level 10 in Fighting
 14127 | D:11     | Noticed a two-headed ogre
 14130 | D:11     | Killed a two-headed ogre
 14299 | D:11     | Found a runed translucent door.
 14361 | D:11     | Noticed TODO's ghost (journeyman GnGl)
 14362 | D:11     | Noticed a lich
 14363 | D:11     | Noticed a stone giant
 14363 | D:11     | Noticed a skeletal warrior
 14365 | D:11     | Noticed a hell knight
 14412 | D:11     | You are sucked into a shaft and drop 2 floors!
 14445 | D:13     | Found a gate to the Vaults.
 14445 | D:13     | Noticed a vault guard
 14445 | D:13     | Noticed a vault guard
 14445 | D:13     | Noticed a vault guard
 14445 | D:13     | Noticed a vault guard
 14445 | D:13     | Noticed a vault guard
 14445 | D:13     | Noticed a vault guard
 14446 | D:13     | Noticed a vault guard
 14446 | D:13     | Noticed a vault guard
 14575 | D:12     | Noticed an eight-headed hydra
 14584 | D:12     | Killed an eight-headed hydra
 14585 | D:12     | Reached XP level 13. HP: 67/87 MP: 0/0
 14585 | D:12     | Learned a level 5 spell: Agony
 15036 | D:12     | Reached skill level 10 in Spellcasting
 15105 | D:12     | Found a staircase to the Orcish Mines.
 15143 | Orc:1    | Entered Level 1 of the Orcish Mines
 15150 | Orc:1    | Found a frozen archway.
 15173 | IceCv    | Entered an ice cave
 15724 | Orc:2    | Entered Level 2 of the Orcish Mines
 16951 | Orc:2    | Noticed Saint Roka
 17334 | Lair:1   | Entered Level 1 of the Lair of Beasts
 18665 | Lair:2   | Found a staircase to the Swamp.
 18697 | Lair:2   | Reached XP level 14. HP: 80/96 MP: 0/0
 19067 | Lair:2   | Reached ****** piety under Hepliaklqana
 20909 | Lair:4   | Found a runed translucent door.
 20911 | Lair:4   | Noticed robertstho's ghost (journeyman DjFE)
 20912 | Lair:4   | Identified the +5 spear of Indomitability {freeze, Str+5
                  | Int-3}
 21428 | Lair:4   | Found a hole to the Spider Nest.
 22273 | Lair:5   | Found a gate leading to a gauntlet.
 22282 | Gauntlet | Entered a Gauntlet
 22282 | Gauntlet | Found a transporter.
 22291 | Gauntlet | Found a transporter.
 22293 | Gauntlet | Found a transporter.
 22306 | Gauntlet | Found a transporter.
 22307 | Gauntlet | Found a transporter.
 22314 | Gauntlet | Found a transporter.
 22330 | Gauntlet | Found a transporter.
 22339 | Gauntlet | Found a runed translucent gate.
 22340 | Gauntlet | Found a transporter.
 22340 | Gauntlet | Found a runed translucent gate.
 22341 | Gauntlet | Found a runed translucent gate.
 22350 | Gauntlet | Found a transporter.
 22354 | Gauntlet | Found a transporter.
 22354 | Gauntlet | Found a transporter.
 22378 | Gauntlet | Found a transporter.
 22380 | Gauntlet | Found a transporter.
 22603 | Gauntlet | Found a transporter.
 22633 | Gauntlet | Identified the +2 robe of Honesty {rPois Will+ Str-3 SInv}
 22636 | Gauntlet | Identified the +3 cloak of Submission {rC+}
 22763 | Gauntlet | Noticed a minotaur
 22979 | Lair:5   | Reached XP level 15. HP: 42/103 MP: 0/0
 22979 | Lair:5   | Learned a level 6 spell: Invisibility
 23352 | Lair:5   | Acquired a manual of Fighting
 23415 | Lair:5   | Gained mutation: Your body sometimes deteriorates upon
                  | taking damage. [mutagenic glow]
 23947 | Lair:5   | Reached skill level 15 in Dodging
 24899 | Lair:6   | Entered Level 6 of the Lair of Beasts
 25037 | Lair:5   | Lost mutation: Your body sometimes deteriorates upon taking
                  | damage. [potion of mutation]
 25037 | Lair:5   | Gained mutation: You have a somewhat thin skeletal
                  | structure. (Dex +2, Stealth+) [potion of mutation]
 25037 | Lair:5   | Gained mutation: You sometimes lose the ability to read
                  | scrolls when taking damage. [potion of mutation]
 25037 | Lair:5   | Gained mutation: Your muscles are strong. (Str +2) [potion
                  | of mutation]
 25038 | Lair:5   | Lost mutation: You sometimes lose the ability to read
                  | scrolls when taking damage. [potion of mutation]
 25038 | Lair:5   | Lost mutation: Your muscles are strong. (Str +2) [potion of
                  | mutation]
 25038 | Lair:5   | Gained mutation: You are agile. (Dex +2) [potion of
                  | mutation]
 25355 | Lair:6   | Found a runed translucent door.
 25357 | Lair:6   | Found a viscous altar of Jiyva.
 25358 | Lair:6   | Found a staircase to the Slime Pits.
 27309 | Lair:6   | Reached skill level 15 in Fighting
 27432 | Lair:6   | Identified the +1 robe of the Vacuum {*Corrode rPois Will-
                  | Int+6}
 27744 | Orc:2    | Found Entewis's Mass Market.
 27825 | Orc:2    | Noticed Rupert
 27846 | Orc:2    | Found a staircase to the Elven Halls.
 27862 | Orc:2    | Paralysed by Rupert for 6 turns
 28090 | Orc:2    | Shot with a bolt by Saint Roka

Illustrated notes

Levels and vault maps discovered:
D:1:      minmay_arrival_shattered_statue, layout_basic,
          hellmonk_ecumenical_altar_crossroads
D:2:      layout_basic, minmay_misc_feat_nine_boxes, minmay_misc_feat_rugged
D:3:      layout_loops_cross, amcnicky_altar_gilded, overflow_temple_1_default,
          nicolae_overflow_hidden_temple, general_overflow_altar, dk_vineyard_1,
          uniq_jessica
D:4:      layout_basic, minmay_temple_entry_fiery, uniq_blork_the_orc,
          uniq_duvessa, uniq_crazy_yiuf_cottage
D:5:      layout_cave_pools, trog_butcher_becter, serial_bayou_pond_d,
          st_stairs_5, minmay_fractal_squares_diagonal_5
D:6:      layout_loops_ring, chequers_temple_overflow_statue_of_worship,
          serial_shops, shop_fountains
D:7:      layout_rooms, nicolae_gozag_conspicuous_consumption,
          nicolae_ossuary_entry_false_entrances, serial_shops, shop,
          minmay_manual_macuahuitl
D:8:      minmay_the_grid_octo_2x2 [minmay_the_grid_octo_clover,
          minmay_the_grid_octo_fan_narrow, minmay_the_grid_octo_tetromino_candy,
          minmay_the_grid_octo_prize_big_c], layout_loops_ring,
          lemuel_tele_altar, old_standard_altar, kennysheep_crisscross,
          corexii_hall_statues_l, hex_large
D:9:      layout_roguey
D:10:     layout_loops_cross, serial_co_window_serial, co_window_corner_a,
          co_window_corner_a, co_window_paths_a, co_window_of_opportunity_a,
          co_window_paths_b, co_window_corner_ca, co_window_of_opportunity_b,
          co_window_corner_ca, co_window_cross_3, co_window_corner_b,
          co_window_sun, co_window_paths_e
D:11:     layout_cave_pools, due_lair_maze_entry_diamond,
          muffindrake_ghost_dual_entry, minmay_misc_feat_roman
D:12:     layout_roguey, orc_0_dummy
D:13:     layout_basic, erik_vaults_2, corner_web_ring
Lair:1:   layout_cave_pods, fungi_pond_lemuel, infiniplex_staircase_pool
Lair:2:   layout_hall_layers, minmay_swamp_entry_worms,
          chequers_serial_rivers_small_a
Lair:3:   layout_chaotic_city, serial_bayou_shore_b, grunt_megastairs_5
Lair:4:   layout_layer_cave, nicolae_spider_entry_orb_guardian,
          ebering_ghost_funeral_grove, minmay_lair_oklob_chamber
Lair:5:   nzn_winding_woodlands_medium [nzn_winding_woodlands_5x5_perimeter,
          nzn_winding_woodlands_5x15_crooked, nzn_winding_woodlands_5x5_three,
          nzn_winding_woodlands_5x5_default,
          nzn_winding_woodlands_center_diamonds,
          nzn_winding_woodlands_5x5_closed_star,
          nzn_winding_woodlands_5x5_open_star,
          nzn_winding_woodlands_5x15_pathside_ponds,
          nzn_winding_woodlands_hourglass], layout_small_grid,
          gauntlet_entry_generic
Lair:6:   grunt_lair_end_beastmaster, layout_gridlike, slime_altar_2,
          chequers_serial_rivers_micro_c, serial_bayou_shore_a
Orc:1:    layout_caves, portal_ice_cave_entry_pillars_2
Orc:2:    grunt_orc_cross, layout_caves, minmay_shop_mass, uniq_rupert

Skill      XL: |  1  2  3  4  5  6  7  8  9 10 11 12 13 14 15 |
---------------+----------------------------------------------+-----
Long Blades    | 4 5 6 7 |  7.9
Fighting       | 3 4 6 7 9 10 12 13 15 | 15.4
Spellcasting   | 2 3 4 5 7 8 9 11 13 | 13.7
Dodging        | 9 13 14 15 | 15.7
Crossbows      | |  1.0
Stealth        | |  1.0
Shields        | |  1.0
Evocations     | |  1.0

Action                   |  1- 3 |  4- 6 |  7- 9 | 10-12 | 13-15 || total
-------------------------+-------+-------+-------+-------+-------++-------
Melee: Falchion          |    38 |       |   160 |   101 |       ||   299
       Dagger            |    36 |   108 |   123 |    39 |   491 ||   797
       Headbutt          |       |     2 |     3 |       |       ||     5
       Unarmed           |       |     4 |       |       |       ||     4
       Glaive            |       |       |       |   185 |   281 ||   466
       Staff             |       |       |       |    15 |       ||    15
 Cast: Beastly Appendage |       |     1 |     5 |       |       ||     6
       Ensorcelled Hiber |       |       |    32 |     3 |       ||    35
       Ozocubu's Armour  |       |       |     9 |     1 |     2 ||    12
       Call Canine Famil |       |       |     7 |     6 |     4 ||    17
       Irradiate         |       |       |       |    13 |    42 ||    55
       Agony             |       |       |       |       |     3 ||     3
       Invisibility      |       |       |       |       |    15 ||    15
Invok: Ancestor Identity |     1 |       |       |       |       ||     1
       Ancestor Life: He |       |     1 |       |       |       ||     1
       Recall Ancestor   |       |     1 |     1 |     1 |     1 ||     4
  Use: Potion            |       |     2 |     2 |     2 |     4 ||    10
       Scroll            |       |     1 |     6 |    11 |    19 ||    37
 Stab: Confused          |       |     3 |     4 |    11 |     6 ||    24
       Distracted        |       |     1 |     2 |     3 |     8 ||    14
       Sleeping          |       |       |    11 |       |     7 ||    18
       Invisible         |       |       |       |       |    29 ||    29
       Paralysed         |       |       |       |       |     9 ||     9
       Petrifying        |       |       |       |       |     1 ||     1
Armor: Ring mail         |    15 |    43 |     1 |       |       ||    59
       Skin              |       |     7 |       |       |       ||     7
       Leather armour    |       |       |   127 |   109 |       ||   236
       Steam dragon scal |       |       |       |    46 |   184 ||   230
       Troll leather arm |       |       |       |       |    35 ||    35
Dodge: Dodged            |    50 |    64 |   132 |   243 |   743 ||  1232
       Rpst.: Falchion   |     8 |       |    17 |    19 |       ||    44

Table legend: (Time is in decaauts)
 A = Elapsed time spent in this place.
 B = Non-inter-level travel time spent in this place.
 C = Inter-level travel time spent in this place.
 D = Time resting spent in this place.
 E = Time spent auto-exploring this place.
 F = Levels seen in this place.
 G = Mean time per level.
                   A        B        C        D        E       F      G
               +--------+--------+--------+--------+--------+-----+--------+
         Total |  28296 |  27302 |    994 |   4955 |  17722 |  24 | 1179.0 |
       Dungeon |  15041 |  14460 |    581 |   2085 |  10244 |  13 | 1157.0 |
          Lair |   9741 |   9376 |    365 |   1249 |   6699 |   6 | 1623.5 |
  Orcish Mines |   2453 |   2406 |     47 |   1146 |    629 |   2 | 1226.5 |
       Ossuary |    354 |    354 |      0 |    231 |     20 |   1 |  354.0 |
      Ice Cave |    192 |    192 |      0 |     84 |      0 |   1 |  192.0 |
      Gauntlet |    514 |    514 |      0 |    160 |    130 |   1 |  514.0 |
               +--------+--------+--------+--------+--------+-----+--------+

Top non-repeatable levels by time:
  Lair:6: 2498 daAuts
  Lair:4: 2336 daAuts
    D:10: 1964 daAuts
     D:8: 1911 daAuts
  Lair:5: 1895 daAuts
     D:7: 1761 daAuts
     D:5: 1667 daAuts
   Orc:1: 1396 daAuts
     D:3: 1275 daAuts
     D:4: 1175 daAuts
  Lair:1: 1148 daAuts
   Orc:2: 1056 daAuts
     D:9: 1005 daAuts
     D:6: 992 daAuts
     D:1: 992 daAuts
